 Dungeon Crawl Stone Soup version 0.25.1-2-g60ff931df9 (webtiles) character file.

Game seed: 8558013419487354859

7937 zagosky the Archer (level 11, -15/101 HPs)
             Began as a Minotaur Hunter on Aug 29, 2020.
             Killed from afar by Erica (25 damage)
             ... with a bolt of poison
             ... on level 9 of the Dungeon.
             The game lasted 00:34:56 (11357 turns).

zagosky the Archer (Minotaur Hunter)               Turns: 11357, Time: 00:34:58

Health: -15/101    AC: 15    Str: 18    XL:     11   Next: 3%
Magic:  10/10      EV: 11    Int:  8    God:
Gold:   521        SH:  0    Dex: 13    Spells: 10/10 levels left

rFire    . . .     SeeInvis .   a - +3 shortbow
rCold    + . .     Gourm    .   (shield currently unavailable)
rNeg     + . .     Faith    .   e - +0 chain mail {rF+}
rPois    .         Spirit   .   (helmet restricted)
rElec    .         Reflect  .   A - +1 cloak
rCorr    .         Harm     .   n - +1 pair of gloves
MR       .....                  (no boots)
Stlth    ..........             (no amulet)
HPRegen  0.26/turn              s - ring of positive energy
MPRegen  0.12/turn              o - ring of ice

@: mighty, lethally poisoned (-15 -> -29), slowed, very slow
A: retaliatory headbutt, horns 2
a: no special abilities


You were on level 9 of the Dungeon.
You were not hungry.

You visited 1 branch of the dungeon, and saw 9 of its levels.

You collected 602 gold pieces.
You spent 81 gold pieces at shops.

Inventory:

Hand Weapons
 a - a +3 shortbow (weapon)
 k - a +5 spear of freezing
 y - a +4 quarterstaff of chaos
Missiles
 d - 48 arrows (quivered)
Armour
 e - a +0 chain mail of fire resistance (worn)
 m - a scarf of resistance
 n - a +1 pair of gloves (worn)
 A - a +1 cloak (worn)
Jewellery
 o - a ring of ice (right hand)
 s - a ring of positive energy (left hand)
 z - an uncursed ring of ice
Wands
 c - a wand of enslavement (9)
 i - a wand of iceblast (4)
 x - a wand of polymorph (5)
Scrolls
 b - 6 scrolls of fog
 j - a scroll of magic mapping
 v - a scroll of amnesia
 w - 2 scrolls of remove curse
Potions
 f - a potion of resistance
 l - a potion of cancellation
 q - a potion of flight {unknown}
 r - 2 potions of ambrosia
 u - a potion of mutation {unknown}
 C - a potion of lignification {unknown}
Comestibles
 g - 4 chunks of flesh
 h - 6 rations


   Skills:
 * Level 10.8 Fighting
   Level 2.9 Short Blades
 + Level 3.0 Polearms
 + Level 11.8 Bows
 * Level 8.1 Armour
 * Level 7.3 Dodging
 + Level 1.3 Stealth
 + Level 0.1 Evocations


You had 10 spell levels left.
You didn't know any spells.
Your spell library contained the following spells:

 Spells                   Type           Power        Failure   Level  Hunger
 Freeze                   Ice            #...         99%         1    ##.....
 Magic Dart               Conj           #...         99%         1    ##.....
 Blink                    Tloc           N/A          99%         2    ###....
 Call Imp                 Summ           #.......     99%         2    ###....
 Searing Ray              Conj           #.....       99%         2    ###....
 Slow                     Hex            #.......     99%         2    ###....
 Conjure Flame            Conj/Fire      #.......     100%        3    ####...
 Dazzling Flash           Conj/Hex       #.....       100%        3    ####...
 Frozen Ramparts          Ice            #.....       100%        3    ####...
 Mephitic Cloud           Conj/Pois/Air  #.......     100%        3    ####...
 Ozocubu's Armour         Chrm/Ice       #.......     100%        3    ####...
 Fulminant Prism          Conj/Hex       #.........   100%        4    #####..
 Hailstorm                Conj/Ice       #.......     100%        4    #####..
 Iskenderun's Mystic Bla  Conj/Tloc      #.......     100%        4    #####..
 Summon Ice Beast         Ice/Summ       #.......     100%        4    #####..


Dungeon Overview and Level Annotations

Branches:
Dungeon (9/15)             Temple (0/1) D:4
   Lair: D:8-11         Orc: D:9-12

Altars:
Fedhas
Makhleb
Qazlal
Ru
Xom
The Shining One

Shops:
D:6 *%%?

Annotations:
D:3 1 runed translucent door
D:9 Erica


Innate Abilities, Weirdness & Mutations

You reflexively headbutt those who attack you in melee.
You have a pair of horns on your head.


Message History

You see here a +0 shortbow.
The sentinel's mark upon you fades away.
You feel sick.
The bullfrog skeleton completely misses you.
The orc warrior hits you but does no damage.
You see here a hound skeleton.
You feel sick.
An orc priest comes into view. It is wielding a +0 trident.
You feel sick.
You feel sick. Something hits you!
* * * LOW HITPOINT WARNING * * *
Something burns you.
* * * LOW HITPOINT WARNING * * *
You hear some strange, mumbled words.
A bolt of poison appears from out of thin air!
The bolt of poison hits the bullfrog skeleton.
The bullfrog skeleton completely resists.
The bolt of poison hits you!!
You are lethally poisoned!
You die...

...#...#Z...o..# ....
.........o###.o### ###....
....#.##)SO.#....###....>.
...... #o.#o#..#.##..#....
...).. #.##()H...##.#..#
...(. #.###..).......# ....
..# ####รท......#
..#.#######......######
............@Z{o..........#
..
..........###..##...####..
... .........# #.......#
...##........###.##.....#
...........#.......#....
.###...............#.#....
...................#.#####.
. #........#######.. .# ..
##.#....### ##


You could see an orc warrior and a bullfrog skeleton.

Vanquished Creatures
  A hydra (D:8)
  A two-headed ogre (D:8)
  Pikel (D:8)
  Prince Ribbit (D:6)
  A hippogriff (D:5)
  4 hogs (D:7)
  7 yaks
  Eustachio (D:6)
  A human (D:7)
  A hungry ghost (D:3)
  Menkaure (D:6)
  Edmund (D:6)
  A floating eye (D:9)
  A water moccasin (D:6)
  A black bear (D:8)
  3 ice beasts
  2 orc warriors
  2 sky beasts (D:6)
  3 slaves (D:8)
  2 phantoms
  3 ogres
  5 centaurs
  The ghost of geeseburger the Skirmisher, an amateur TeBe of Trog (D:3)
  2 gnoll sergeants (D:6)
  2 bullfrogs
  A wyvern skeleton (D:7)
  2 scorpions
  A wight (D:6)
  A bullfrog zombie (D:7)
  3 crimson imps
  5 orc priests
  A centaur zombie (D:6)
  4 hounds
  A jelly (D:7)
  Crazy Yiuf (D:7)
  A quasit (D:6)
  4 iguanas
  2 orc wizards (D:6)
  8 worker ants
  2 hound zombies (D:5)
  A howler monkey zombie (D:9)
  A worker ant zombie (D:5)
  13 gnolls
  11 adders
  A howler monkey skeleton (D:7)
  A shadow imp (D:8)
  4 oozes
  3 adder zombies
  4 worms
  2 dart slugs
  6 leopard geckos
  28 orcs
  6 ball pythons
  5 giant cockroaches
  6 goblins
  3 hobgoblins
  15 jackals
  9 kobolds
  3 quokkas
  5 bats
  6 frilled lizards
  A goblin skeleton (D:5)
  2 goblin zombies (D:5)
  2 hobgoblin zombies (D:5)
  A kobold skeleton (D:5)
  2 kobold zombies (D:5)
  2 orc zombies (D:5)
  A quokka zombie (D:5)
  9 rats
  A plant (D:2)
240 creatures vanquished.

Vanquished Creatures (others)
  A shadow imp (D:9)
  An orc (D:9)
  A bat (D:3)
3 creatures vanquished.

Grand Total: 243 creatures vanquished

Notes
Turn   | Place    | Note
-------+----------+-------------------------------------------
     0 | D:1      | zagosky the Minotaur Hunter began the quest for the Orb.
     0 | D:1      | Reached XP level 1. HP: 18/18 MP: 0/0
   115 | D:1      | Reached XP level 2. HP: 25/25 MP: 1/1
   170 | D:1      | Reached skill level 5 in Bows
   700 | D:2      | Reached XP level 3. HP: 30/30 MP: 2/2
   828 | D:2      | Found a burning altar of Makhleb.
   853 | D:2      | Reached skill level 1 in Armour
   853 | D:2      | Reached XP level 4. HP: 20/38 MP: 3/3
  1374 | D:2      | Found a stormy altar of Qazlal.
  2010 | D:3      | Reached skill level 6 in Bows
  2015 | D:3      | Reached XP level 5. HP: 29/46 MP: 4/4
  2152 | D:3      | Noticed a hungry ghost
  2166 | D:3      | Killed a hungry ghost
  2166 | D:3      | Reached skill level 1 in Short Blades
  2166 | D:3      | Reached skill level 1 in Stealth
  2166 | D:3      | Reached XP level 6. HP: 41/52 MP: 5/5
  2275 | D:3      | Reached skill level 7 in Bows
  2426 | D:3      | Found a runed translucent door.
  2427 | D:3      | Noticed geeseburger's ghost (amateur TeBe)
  2884 | D:4      | Found a staircase to the Ecumenical Temple.
  3505 | D:4      | Reached XP level 7. HP: 60/60 MP: 6/6
  3635 | D:4      | Found a burning altar of Makhleb.
  4008 | D:5      | Entered Level 5 of the Dungeon
  4108 | D:5      | Reached skill level 8 in Bows
  4179 | D:5      | You fall into a shaft and drop 2 floors!
  4186 | D:7      | Reached skill level 5 in Fighting
  4367 | D:6      | Found Heopyigubb's Food Shop.
  4388 | D:6      | Found Obeisul's General Store.
  4391 | D:6      | Bought a scroll of remove curse for 39 gold pieces
  4814 | D:5      | Found a glowing golden altar of the Shining One.
  4866 | D:5      | Reached skill level 9 in Bows
  4866 | D:5      | Reached XP level 8. HP: 55/69 MP: 7/7
  4960 | D:5      | Noticed a hippogriff
  4978 | D:5      | Killed a hippogriff
  5697 | D:3      | Found a runed translucent door.
  5720 | D:3      | Killed geeseburger's ghost
  5869 | D:6      | Noticed Menkaure
  5872 | D:6      | Killed Menkaure
  5958 | D:6      | Found Omossipa's Food Boutique.
  6319 | D:6      | Noticed Eustachio
  6333 | D:6      | Killed Eustachio
  6333 | D:6      | Reached skill level 5 in Armour
  6333 | D:6      | Reached XP level 9. HP: 79/79 MP: 8/8
  6399 | D:6      | Reached skill level 10 in Bows
  6768 | D:6      | Reached skill level 5 in Dodging
  6783 | D:6      | Reached skill level 1 in Polearms
  6993 | D:6      | Noticed Prince Ribbit
  7004 | D:6      | Killed Prince Ribbit
  7640 | D:6      | Noticed Edmund
  7654 | D:6      | Killed Edmund
  7662 | D:6      | Found Mor Jur's Magic Scroll Emporium.
  7669 | D:6      | Bought a scroll of remove curse for 42 gold pieces
  8008 | D:7      | Found a runed translucent door.
  8009 | D:7      | Noticed Crazy Yiuf
  8048 | D:7      | Killed Crazy Yiuf
  8433 | D:7      | Reached XP level 10. HP: 90/90 MP: 9/9
  9243 | D:8      | Noticed a two-headed ogre
  9256 | D:8      | Killed a two-headed ogre
  9256 | D:8      | Reached skill level 11 in Bows
  9679 | D:8      | Noticed Pikel
  9707 | D:8      | Killed Pikel
  9707 | D:8      | Reached skill level 10 in Fighting
  9773 | D:8      | Found a glowing golden altar of the Shining One.
  9806 | D:8      | Found a sacrificial altar of Ru.
  9833 | D:8      | Found a shimmering altar of Xom.
  9883 | D:8      | Noticed an eight-headed hydra
  9909 | D:8      | Killed an eight-headed hydra
 10315 | D:8      | Found a blossoming altar of Fedhas.
 11205 | D:9      | Reached XP level 11. HP: 98/101 MP: 10/10
 11318 | D:9      | Noticed Erica
 11350 | D:9      | Noticed a deep elf mage
 11357 | D:9      | Killed from afar by Erica

Illustrated notes

Levels and vault maps discovered:
D:1:      shiori_arrival_maze, layout_basic, minmay_misc_feat_roman,
          hangedman_decor_peaks_small
D:2:      layout_loops_ring, lightli_temple_of_fire, lemuel_round_altar,
          minmay_shallow_snake_nest
D:3:      layout_rooms, ebering_ghost_sewer_f, lemuel_flame_loot_1
D:4:      layout_loops_corners, minmay_temple_entry_mini_moons, bloody_makhleb
D:5:      layout_gridville, first_ration, minivault_25,
          nicolae_tso_besieged_by_evil
D:6:      layout_cave_pools, serial_shops, kennysheep_mini, shop_statue, shop,
          shop, nzn_random_ring, uniq_edmund, uniq_eustachio,
          uniq_prince_ribbit1, uniq_menkaure
D:7:      layout_basic, grunt_livestock, uniq_crazy_yiuf_cottage
D:8:      layout_basic, nicolae_overflow_quartered_altars, uniq_pikel
D:9:      layout_rooms, disabler_island, uniq_erica

Skill      XL: |  1  2  3  4  5  6  7  8  9 10 |
---------------+-------------------------------+-----
Bows           | 5 6 7 9 10 11 | 11.8
Fighting       | 3 4 5 7 8 10 | 10.8
Armour         | 1 2 3 5 6 8 |  8.1
Short Blades   | 1 2 |  2.9
Stealth        | 1 |  1.3
Dodging        | 4 6 7 |  7.3
Polearms       | 3 |  3.0
Evocations     | |  0.1

Action                   |  1- 3 |  4- 6 |  7- 9 | 10-12 || total
-------------------------+-------+-------+-------+-------++-------
Melee: Short sword       |       |    72 |    99 |       ||   171
       Headbutt          |       |    15 |    36 |       ||    51
       Spear             |       |       |    57 |       ||    57
 Fire: Shortbow          |    69 |   144 |   280 |   233 ||   726
Evoke: Wand              |       |       |     1 |     4 ||     5
  Use: Scroll            |     1 |     5 |     9 |     7 ||    22
       Potion            |       |       |     3 |     5 ||     8
 Stab: Sleeping          |       |     1 |       |       ||     1
  Eat: Chunk             |       |     6 |    11 |     5 ||    22
       Ration            |       |     2 |     1 |     1 ||     4
Armor: Leather armour    |     1 |    14 |       |       ||    15
       Chain mail        |       |       |   113 |    82 ||   195
       Ring mail         |       |       |    11 |       ||    11
Dodge: Dodged            |     7 |    41 |   118 |    69 ||   235
